3096 views
Uploaded 2019-12-06 20:37:29
Game version 1.32.0.3 / 1.32.0.3.1
24:21 long 2on2 ladder game on (4)Avalanche_LV
Saved by BEARAND
3096 views
Uploaded 2019-12-06 20:37:29
Game version 1.32.0.3 / 1.32.0.3.1
24:21 long 2on2 ladder game on (4)Avalanche_LV


51 units @ 4.3k
/ 0.1k
172 buildings @ 7.8k
/ 4.2k
iggythefisk
(24:20) : 


x1)
| Scroll of Regeneration | 2 | 200 |
| Mechanical Critter | 2 | 100 |
| Staff of Sanctuary | 2 | 500 |
| Orb of Fire | 2 | 650 |
| Boots of Speed | 3 | 750 |
| Staff of Teleportation | 3 | 450 |
| Circlet of Nobility | 1 | 175 |
| Periapt of Vitality | 1 | 325 |
| Tome of Retraining | 1 | 300 |
| Potion of Invisibility | 2 | 200 |
| total: | 19 | 3650g |
| Peasant | 29 | 2175 | / | 0 |
| Priest | 1 | 135 | / | 10 |
| total: | 30 | 2310g | / | 10w |
| Scout Tower | 54 | 1620 | / | 1080 |
| Arcane Tower | 3 | 210 | / | 150 |
| Guard Tower | 27 | 1890 | / | 1350 |
| Altar of Kings | 1 | 180 | / | 50 |
| Farm | 5 | 400 | / | 100 |
| Lumber Mill | 1 | 120 | / | 0 |
| Arcane Vault | 2 | 260 | / | 60 |
| Town Hall | 1 | 385 | / | 205 |
| Arcane Sanctum | 1 | 150 | / | 140 |
| Keep | 1 | 320 | / | 210 |
| Castle | 1 | 360 | / | 210 |
| total: | 65 | 3115g | / | 1635w |
| 0:03 | Peasant |
| 0:05 | Altar of Kings |
| 0:16 | Farm |
| 0:19 | Peasant |
| 0:21 | Lumber Mill |
| 0:28 | Peasant |
| 0:39 | Peasant |
| 0:43 | Peasant |
| 0:56 | Peasant |
| 1:15 | Peasant |
| 1:19 | Scout Tower |
| 1:20 | Peasant |
| 1:25 | Peasant |
| 1:28 | Improved Masonry |
| 1:48 | Arcane Tower |
| 1:49 | Scout Tower |
| 2:00 | Peasant |
| 2:06 | Summon Water Elemental |
| 2:35 | Scout Tower |
| 2:36 | Scout Tower |
| 2:36 | Guard Tower |
| 2:40 | Farm |
| 2:56 | Peasant |
| 2:56 | Peasant |
| 3:05 | Scout Tower |
| 3:25 | Peasant |
| 3:26 | Peasant |
| 3:26 | Peasant |
| 3:41 | Guard Tower |
| 3:51 | Brilliance Aura |
| 4:43 | Keep |
| 4:57 | Arcane Vault |
| 5:19 | Guard Tower |
| 5:20 | Scout Tower |
| 5:29 | Scout Tower |
| 5:46 | Boots of Speed |
| 5:47 | Staff of Teleportation |
| 5:47 | Circlet of Nobility |
| 6:00 | Scout Tower |
| 6:01 | Guard Tower |
| 6:30 | Scout Tower |
| 6:30 | Guard Tower |
| 6:53 | Arcane Tower |
| 6:55 | Scout Tower |
| 6:56 | Guard Tower |
| 6:59 | Farm |
| 7:15 | Advanced Masonry |
| 7:17 | Peasant |
| 7:17 | Peasant |
| 7:23 | Scroll of Regeneration |
| 7:29 | Mechanical Critter |
| 7:34 | Mechanical Critter |
| 7:51 | Guard Tower |
| 7:52 | Scout Tower |
| 7:52 | Scout Tower |
| 7:56 | Castle |
| 7:58 | Arcane Sanctum |
| 8:17 | Storm Bolt |
| 8:46 | Guard Tower |
| 8:47 | Scout Tower |
| 8:50 | Summon Water Elemental |
| 9:24 | Magic Sentry |
| 9:36 | Town Hall |
| 10:02 | Scout Tower |
| 10:28 | Peasant |
| 10:28 | Peasant |
| 10:42 | Bash |
| 10:50 | Peasant |
| 10:50 | Peasant |
| 10:51 | Guard Tower |
| 10:53 | Scout Tower |
| 11:05 | Priest Adept Training |
| 11:05 | Priest |
| 11:08 | Peasant |
| 11:08 | Peasant |
| 11:09 | Improved Lumber Harvesting |
| 11:17 | Scout Tower |
| 11:18 | Scout Tower |
| 11:19 | Peasant |
| 11:42 | Scout Tower |
| 11:42 | Scout Tower |
| 11:43 | Guard Tower |
| 11:51 | Boots of Speed |
| 11:53 | Staff of Teleportation |
| 11:59 | Scout Tower |
| 12:02 | Imbued Masonry |
| 12:04 | Holy Light |
| 12:49 | Boots of Speed |
| 12:49 | Staff of Teleportation |
| 12:53 | Periapt of Vitality |
| 12:55 | Guard Tower |
| 12:57 | Scout Tower |
| 12:57 | Scout Tower |
| 13:02 | Farm |
| 13:03 | Farm |
| 13:12 | Arcane Tower |
| 13:13 | Guard Tower |
| 14:42 | Staff of Sanctuary |
| 14:49 | Orb of Fire |
| 14:54 | Guard Tower |
| 14:55 | Scout Tower |
| 14:55 | Scout Tower |
| 14:57 | Scout Tower |
| 15:00 | Peasant |
| 15:00 | Peasant |
| 15:01 | Peasant |
| 15:05 | Scout Tower |
| 15:06 | Scout Tower |
| 15:08 | Scout Tower |
| 15:09 | Scout Tower |
| 15:10 | Scout Tower |
| 15:10 | Scout Tower |
| 15:10 | Scout Tower |
| 15:20 | Scroll of Regeneration |
| 15:41 | Guard Tower |
| 15:44 | Guard Tower |
| 15:46 | Scout Tower |
| 15:46 | Scout Tower |
| 16:05 | Brilliance Aura |
| 16:13 | Guard Tower |
| 16:14 | Scout Tower |
| 16:15 | Scout Tower |
| 16:18 | Scout Tower |
| 16:26 | Arcane Vault |
| 16:32 | Scout Tower |
| 16:33 | Scout Tower |
| 16:34 | Scout Tower |
| 16:36 | Guard Tower |
| 16:38 | Advanced Lumber Harvesting |
| 16:39 | Priest Master Training |
| 16:42 | Tome of Retraining |
| 16:42 | Retrain Hero |
| 16:43 | Blizzard |
| 16:43 | Brilliance Aura |
| 16:44 | Brilliance Aura |
| 16:47 | Guard Tower |
| 16:49 | Scout Tower |
| 17:02 | Orb of Fire |
| 17:03 | Staff of Sanctuary |
| 17:26 | Guard Tower |
| 17:48 | Storm Bolt |
| 18:00 | Potion of Invisibility |
| 18:02 | Guard Tower |
| 18:08 | Peasant |
| 18:09 | Peasant |
| 18:29 | Guard Tower |
| 18:31 | Scout Tower |
| 18:32 | Scout Tower |
| 18:32 | Scout Tower |
| 18:32 | Scout Tower |
| 19:12 | Divine Shield |
| 20:25 | Scout Tower |
| 20:26 | Guard Tower |
| 21:05 | Guard Tower |
| 21:07 | Scout Tower |
| 21:08 | Scout Tower |
| 21:09 | Scout Tower |
| 21:10 | Scout Tower |
| 21:14 | Guard Tower |
| 21:44 | Potion of Invisibility |
| 21:53 | Scout Tower |
| 21:55 | Scout Tower |
| 21:55 | Scout Tower |
| 22:15 | Blizzard |
| 23:06 | Guard Tower |
| 23:07 | Scout Tower |
| 24:15 | Guard Tower |
| 24:18 | Guard Tower |
| Right click | 1638 |
| Select group | 671 |
| Assign group | 543 |
| Select | 436 |
| Build/train/purchase | 154 |
| Chat | 114 |
| Use ability | 88 |
| Misc. action | 17 |
| Resource trade | 11 |
| Item give/drop | 8 |
| Remove unit | 3 |



x1)
| Staff of Sanctuary | 4 | 1000 |
| Orb of Fire | 3 | 975 |
| Boots of Speed | 3 | 750 |
| Staff of Teleportation | 3 | 450 |
| Tome of Retraining | 1 | 300 |
| Periapt of Vitality | 1 | 325 |
| total: | 15 | 3800g |
| Peasant | 17 | 1275 | / | 0 |
| Priest | 1 | 135 | / | 10 |
| Dragonhawk Rider | 3 | 600 | / | 90 |
| total: | 21 | 2010g | / | 100w |
| Scout Tower | 89 | 2670 | / | 1780 |
| Arcane Tower | 6 | 420 | / | 300 |
| Guard Tower | 39 | 2730 | / | 1950 |
| Altar of Kings | 2 | 360 | / | 100 |
| Farm | 10 | 800 | / | 200 |
| Lumber Mill | 1 | 120 | / | 0 |
| Arcane Vault | 1 | 130 | / | 30 |
| Blacksmith | 1 | 140 | / | 60 |
| Barracks | 1 | 160 | / | 60 |
| Arcane Sanctum | 1 | 150 | / | 140 |
| Gryphon Aviary | 1 | 140 | / | 150 |
| Keep | 1 | 320 | / | 210 |
| Castle | 1 | 360 | / | 210 |
| total: | 107 | 4670g | / | 2520w |
| 0:02 | Peasant |
| 0:05 | Altar of Kings |
| 0:07 | Altar of Kings |
| 0:18 | Farm |
| 0:19 | Peasant |
| 0:30 | Peasant |
| 0:49 | Farm |
| 0:53 | Lumber Mill |
| 0:54 | Peasant |
| 0:59 | Peasant |
| 1:09 | Scout Tower |
| 1:10 | Peasant |
| 1:17 | Peasant |
| 1:31 | Peasant |
| 1:36 | Arcane Tower |
| 1:43 | Scout Tower |
| 1:45 | Peasant |
| 1:56 | Peasant |
| 2:05 | Summon Water Elemental |
| 2:17 | Guard Tower |
| 2:18 | Scout Tower |
| 2:21 | Scout Tower |
| 2:21 | Peasant |
| 2:35 | Peasant |
| 2:47 | Peasant |
| 2:49 | Scout Tower |
| 2:49 | Guard Tower |
| 2:51 | Scout Tower |
| 2:51 | Scout Tower |
| 3:21 | Peasant |
| 3:49 | Peasant |
| 3:51 | Keep |
| 3:51 | Guard Tower |
| 3:52 | Guard Tower |
| 3:57 | Scout Tower |
| 3:57 | Scout Tower |
| 3:58 | Scout Tower |
| 3:59 | Improved Masonry |
| 4:08 | Guard Tower |
| 4:10 | Farm |
| 4:11 | Farm |
| 4:14 | Farm |
| 4:20 | Farm |
| 4:45 | Guard Tower |
| 5:00 | Guard Tower |
| 5:18 | Brilliance Aura |
| 5:30 | Guard Tower |
| 5:32 | Scout Tower |
| 5:33 | Scout Tower |
| 5:33 | Scout Tower |
| 5:34 | Scout Tower |
| 5:37 | Boots of Speed |
| 5:37 | Staff of Teleportation |
| 6:01 | Guard Tower |
| 6:26 | Guard Tower |
| 6:59 | Castle |
| 7:17 | Arcane Sanctum |
| 7:33 | Storm Bolt |
| 7:55 | Arcane Vault |
| 8:15 | Advanced Masonry |
| 8:16 | Improved Lumber Harvesting |
| 8:18 | Guard Tower |
| 8:19 | Scout Tower |
| 8:20 | Scout Tower |
| 8:20 | Scout Tower |
| 8:20 | Scout Tower |
| 8:30 | Magic Sentry |
| 8:43 | Priest |
| 8:49 | Guard Tower |
| 9:51 | Boots of Speed |
| 9:51 | Staff of Teleportation |
| 10:07 | Guard Tower |
| 10:21 | Holy Light |
| 10:23 | Staff of Sanctuary |
| 10:23 | Staff of Sanctuary |
| 10:40 | Scout Tower |
| 10:41 | Scout Tower |
| 10:41 | Scout Tower |
| 10:42 | Scout Tower |
| 10:42 | Scout Tower |
| 10:42 | Scout Tower |
| 11:06 | Bash |
| 11:34 | Orb of Fire |
| 11:48 | Peasant |
| 11:49 | Peasant |
| 11:51 | Scout Tower |
| 11:52 | Scout Tower |
| 11:52 | Scout Tower |
| 11:53 | Scout Tower |
| 11:53 | Scout Tower |
| 11:53 | Scout Tower |
| 11:54 | Scout Tower |
| 11:54 | Scout Tower |
| 12:02 | Boots of Speed |
| 12:07 | Farm |
| 12:10 | Scout Tower |
| 12:13 | Farm |
| 12:50 | Arcane Tower |
| 12:53 | Arcane Tower |
| 12:54 | Guard Tower |
| 13:03 | Staff of Sanctuary |
| 13:14 | Gryphon Aviary |
| 13:42 | Guard Tower |
| 13:45 | Scout Tower |
| 13:45 | Scout Tower |
| 14:00 | Guard Tower |
| 14:19 | Guard Tower |
| 14:28 | Scout Tower |
| 14:29 | Scout Tower |
| 14:29 | Scout Tower |
| 14:29 | Scout Tower |
| 14:31 | Scout Tower |
| 14:31 | Scout Tower |
| 14:31 | Scout Tower |
| 14:32 | Scout Tower |
| 14:37 | Blacksmith |
| 14:39 | Dragonhawk Rider |
| 14:50 | Priest Adept Training |
| 15:06 | Guard Tower |
| 15:08 | Dragonhawk Rider |
| 15:12 | Barracks |
| 15:18 | Farm |
| 15:18 | Farm |
| 15:45 | Guard Tower |
| 15:45 | Guard Tower |
| 15:53 | Iron Forged Swords |
| 15:53 | Studded Leather Armor |
| 15:57 | Imbued Masonry |
| 15:59 | Dragonhawk Rider |
| 16:11 | Guard Tower |
| 16:12 | Guard Tower |
| 16:20 | Tome of Retraining |
| 16:20 | Retrain Hero |
| 16:22 | Blizzard |
| 16:22 | Brilliance Aura |
| 16:23 | Staff of Teleportation |
| 16:31 | Periapt of Vitality |
| 16:38 | Guard Tower |
| 17:00 | Animal War Training |
| 17:02 | Scout Tower |
| 17:02 | Scout Tower |
| 17:03 | Scout Tower |
| 17:03 | Scout Tower |
| 17:17 | Scout Tower |
| 17:20 | Scout Tower |
| 17:20 | Scout Tower |
| 17:21 | Scout Tower |
| 17:21 | Scout Tower |
| 17:23 | Scout Tower |
| 17:24 | Scout Tower |
| 17:25 | Scout Tower |
| 17:25 | Scout Tower |
| 17:29 | Scout Tower |
| 17:30 | Scout Tower |
| 17:31 | Scout Tower |
| 17:31 | Scout Tower |
| 17:31 | Arcane Tower |
| 17:33 | Scout Tower |
| 17:34 | Scout Tower |
| 17:34 | Scout Tower |
| 17:54 | Arcane Tower |
| 17:55 | Guard Tower |
| 17:55 | Arcane Tower |
| 17:57 | Scout Tower |
| 17:57 | Scout Tower |
| 17:57 | Scout Tower |
| 18:28 | Guard Tower |
| 18:29 | Guard Tower |
| 18:48 | Guard Tower |
| 19:03 | Divine Shield |
| 19:09 | Guard Tower |
| 19:18 | Scout Tower |
| 19:18 | Scout Tower |
| 19:19 | Scout Tower |
| 19:19 | Scout Tower |
| 19:20 | Guard Tower |
| 19:41 | Blizzard |
| 20:15 | Storm Bolt |
| 20:54 | Guard Tower |
| 21:09 | Scout Tower |
| 21:10 | Scout Tower |
| 21:10 | Scout Tower |
| 21:10 | Scout Tower |
| 21:23 | Staff of Sanctuary |
| 21:24 | Orb of Fire |
| 21:24 | Orb of Fire |
| 21:33 | Scout Tower |
| 21:34 | Scout Tower |
| 21:34 | Scout Tower |
| 21:36 | Scout Tower |
| 21:36 | Scout Tower |
| 21:37 | Scout Tower |
| 21:37 | Scout Tower |
| 21:38 | Scout Tower |
| 21:38 | Scout Tower |
| 21:39 | Scout Tower |
| 21:40 | Scout Tower |
| 21:40 | Scout Tower |
| 21:41 | Scout Tower |
| 21:41 | Scout Tower |
| 21:42 | Scout Tower |
| 21:48 | Guard Tower |
| 22:06 | Guard Tower |
| 22:31 | Guard Tower |
| 22:32 | Guard Tower |
| 23:37 | Holy Light |
| 24:09 | Guard Tower |
| 24:12 | Guard Tower |
| Right click | 2270 |
| Select | 555 |
| Select group | 392 |
| Build/train/purchase | 156 |
| Chat | 152 |
| Use ability | 75 |
| Assign group | 36 |
| Minimap ping | 15 |
| Misc. action | 11 |
| Item give/drop | 3 |
| Remove unit | 2 |
92 units @ 15.5k
/ 2.7k
42 buildings @ 5.9k
/ 2.6k


| Rod of Necromancy | 1 | 150 |
| Sacrificial Skull | 1 | 50 |
| Circlet of Nobility | 1 | 175 |
| total: | 3 | 375g |
| Acolyte | 8 | 600 | / | 0 |
| Ghoul | 9 | 1080 | / | 0 |
| Crypt Fiend | 15 | 3225 | / | 600 |
| Obsidian Statue | 3 | 600 | / | 105 |
| Abomination | 5 | 1200 | / | 350 |
| Frost Wyrm | 3 | 1155 | / | 360 |
| total: | 43 | 7860g | / | 1415w |
| Nerubian Tower | 1 | 100 | / | 20 |
| Spirit Tower | 1 | 145 | / | 40 |
| Altar of Darkness | 1 | 180 | / | 50 |
| Ziggurat | 8 | 1200 | / | 400 |
| Crypt | 1 | 200 | / | 50 |
| Tomb of Relics | 1 | 130 | / | 30 |
| Graveyard | 1 | 215 | / | 0 |
| Necropolis | 1 | 225 | / | 0 |
| Slaughterhouse | 1 | 140 | / | 135 |
| Sacrificial Pit | 1 | 75 | / | 150 |
| Temple of the Damned | 1 | 155 | / | 140 |
| Boneyard | 1 | 175 | / | 200 |
| Halls of the Dead | 1 | 320 | / | 210 |
| Black Citadel | 1 | 325 | / | 230 |
| total: | 17 | 2695g | / | 1155w |
| 0:07 | Altar of Darkness |
| 0:10 | Acolyte |
| 0:11 | Acolyte |
| 0:16 | Ziggurat |
| 0:57 | Crypt |
| 1:04 | Acolyte |
| 1:25 | Ziggurat |
| 1:37 | Tomb of Relics |
| 2:20 | Death Coil |
| 2:39 | Ghoul |
| 2:39 | Ghoul |
| 2:39 | Ghoul |
| 2:40 | Ghoul |
| 3:04 | Ziggurat |
| 3:30 | Rod of Necromancy |
| 3:37 | Graveyard |
| 3:50 | Ziggurat |
| 4:39 | Cannibalize |
| 5:03 | Ziggurat |
| 5:04 | Ziggurat |
| 5:47 | Crypt Fiend |
| 5:48 | Crypt Fiend |
| 6:18 | Nerubian Tower |
| 7:36 | Ghoul |
| 7:36 | Ghoul |
| 7:37 | Ghoul |
| 8:05 | Spirit Tower |
| 8:36 | Crypt Fiend |
| 8:36 | Crypt Fiend |
| 8:36 | Crypt Fiend |
| 9:16 | Halls of the Dead |
| 9:45 | Unholy Aura |
| 10:20 | Crypt Fiend |
| 10:21 | Crypt Fiend |
| 10:21 | Crypt Fiend |
| 10:29 | Sacrificial Skull |
| 11:09 | Creature Attack |
| 11:09 | Creature Carapace |
| 12:03 | Unholy Aura |
| 12:13 | Circlet of Nobility |
| 12:23 | Acolyte |
| 12:23 | Acolyte |
| 12:47 | Web |
| 13:05 | Necropolis |
| 13:51 | Ziggurat |
| 13:53 | Ziggurat |
| 14:40 | Slaughterhouse |
| 14:44 | Sacrificial Pit |
| 14:52 | Temple of the Damned |
| 15:08 | Crypt Fiend |
| 15:09 | Crypt Fiend |
| 15:09 | Crypt Fiend |
| 15:09 | Crypt Fiend |
| 15:09 | Crypt Fiend |
| 15:09 | Crypt Fiend |
| 15:10 | Crypt Fiend |
| 15:35 | Acolyte |
| 15:36 | Acolyte |
| 15:36 | Acolyte |
| 16:09 | Black Citadel |
| 16:19 | Obsidian Statue |
| 17:10 | Obsidian Statue |
| 17:10 | Obsidian Statue |
| 17:16 | Improved Creature Attack |
| 17:49 | Frost Nova |
| 18:39 | Advanced Creature Attack |
| 19:25 | Disease Cloud |
| 19:26 | Abomination |
| 19:26 | Abomination |
| 20:03 | Abomination |
| 20:04 | Abomination |
| 20:11 | Abomination |
| 21:09 | Unholy Armor |
| 21:10 | Unholy Strength |
| 21:15 | Ghoul |
| 21:15 | Ghoul |
| 21:44 | Boneyard |
| 22:50 | Improved Unholy Armor |
| 23:15 | Frost Wyrm |
| 23:15 | Frost Wyrm |
| 23:15 | Frost Wyrm |
| Right click | 1219 |
| Select group | 198 |
| Select | 187 |
| Chat | 185 |
| Build/train/purchase | 77 |
| Assign group | 27 |
| Use ability | 18 |
| Remove unit | 3 |
| Minimap ping | 1 |


| Scroll of Regeneration | 2 | 200 |
| Lesser Clarity Potion | 1 | 70 |
| Potion of Healing | 1 | 150 |
| Staff of Sanctuary | 1 | 250 |
| Orb of Fire | 1 | 325 |
| Scroll of Town Portal | 1 | 350 |
| Circlet of Nobility | 1 | 175 |
| total: | 8 | 1520g |
| Peasant | 14 | 1050 | / | 0 |
| Footman | 3 | 405 | / | 0 |
| Rifleman | 6 | 1230 | / | 180 |
| Sorceress | 9 | 1395 | / | 180 |
| Priest | 4 | 540 | / | 40 |
| Gryphon Rider | 7 | 1960 | / | 490 |
| Mortar Team | 6 | 1080 | / | 420 |
| total: | 49 | 7660g | / | 1310w |
| Scout Tower | 2 | 60 | / | 40 |
| Guard Tower | 2 | 140 | / | 100 |
| Altar of Kings | 1 | 180 | / | 50 |
| Farm | 10 | 800 | / | 200 |
| Barracks | 1 | 160 | / | 60 |
| Lumber Mill | 3 | 360 | / | 0 |
| Blacksmith | 1 | 140 | / | 60 |
| Arcane Vault | 1 | 130 | / | 30 |
| Town Hall | 2 | 770 | / | 410 |
| Arcane Sanctum | 2 | 300 | / | 280 |
| Gryphon Aviary | 1 | 140 | / | 150 |
| Workshop | 1 | 140 | / | 140 |
| Keep | 1 | 320 | / | 210 |
| Castle | 1 | 360 | / | 210 |
| total: | 25 | 3180g | / | 1420w |
| 0:07 | Altar of Kings |
| 0:08 | Peasant |
| 0:08 | Peasant |
| 0:17 | Farm |
| 0:27 | Peasant |
| 0:36 | Barracks |
| 0:40 | Peasant |
| 1:02 | Peasant |
| 1:15 | Farm |
| 1:21 | Peasant |
| 1:39 | Footman |
| 1:59 | Lumber Mill |
| 2:05 | Lumber Mill |
| 2:10 | Lumber Mill |
| 2:17 | Footman |
| 2:20 | Summon Water Elemental |
| 2:27 | Peasant |
| 2:28 | Peasant |
| 2:34 | Farm |
| 2:54 | Footman |
| 3:48 | Brilliance Aura |
| 4:09 | Blacksmith |
| 4:22 | Keep |
| 4:26 | Arcane Vault |
| 5:30 | Rifleman |
| 5:30 | Rifleman |
| 5:30 | Rifleman |
| 5:34 | Summon Water Elemental |
| 5:45 | Farm |
| 5:49 | Black Gunpowder |
| 5:51 | Rifleman |
| 6:30 | Rifleman |
| 7:55 | Arcane Sanctum |
| 8:00 | Arcane Sanctum |
| 8:02 | Rifleman |
| 8:07 | Farm |
| 8:07 | Farm |
| 8:11 | Scroll of Regeneration |
| 8:17 | Lesser Clarity Potion |
| 8:48 | Improved Masonry |
| 8:51 | Long Rifles |
| 8:53 | Refined Gunpowder |
| 9:12 | Sorceress |
| 9:12 | Sorceress |
| 9:13 | Sorceress |
| 9:18 | Priest |
| 9:18 | Priest |
| 9:26 | Brilliance Aura |
| 10:04 | Farm |
| 10:16 | Sorceress |
| 10:36 | Gryphon Aviary |
| 10:37 | Castle |
| 10:42 | Studded Leather Armor |
| 11:04 | Priest Adept Training |
| 11:05 | Sorceress Adept Training |
| 11:47 | Holy Light |
| 11:55 | Scroll of Town Portal |
| 11:55 | Scroll of Regeneration |
| 12:01 | Potion of Healing |
| 13:04 | Sorceress |
| 13:04 | Sorceress |
| 13:06 | Priest |
| 13:06 | Priest |
| 14:40 | Gryphon Rider |
| 14:40 | Gryphon Rider |
| 14:41 | Gryphon Rider |
| 14:53 | Town Hall |
| 15:06 | Workshop |
| 15:11 | Town Hall |
| 15:46 | Sorceress |
| 15:46 | Sorceress |
| 16:13 | Summon Water Elemental |
| 17:03 | Farm |
| 17:04 | Farm |
| 17:04 | Farm |
| 17:17 | Scout Tower |
| 17:22 | Scout Tower |
| 17:33 | Mortar Team |
| 17:34 | Mortar Team |
| 17:38 | Sorceress |
| 17:46 | Guard Tower |
| 17:52 | Guard Tower |
| 17:54 | Peasant |
| 18:06 | Circlet of Nobility |
| 19:58 | Mortar Team |
| 19:59 | Mortar Team |
| 20:20 | Peasant |
| 20:20 | Peasant |
| 20:20 | Peasant |
| 20:53 | Mortar Team |
| 20:53 | Mortar Team |
| 21:59 | Staff of Sanctuary |
| 22:00 | Orb of Fire |
| 22:15 | Gryphon Rider |
| 22:15 | Gryphon Rider |
| 22:16 | Gryphon Rider |
| 22:21 | Peasant |
| 22:25 | Peasant |
| 23:17 | Gryphon Rider |
| Right click | 982 |
| Select | 404 |
| Build/train/purchase | 106 |
| Use ability | 20 |
| Assign group | 11 |
| Select group | 8 |
| Misc. action | 4 |
| Remove unit | 2 |
| Item give/drop | 1 |